[Event "Titled Tuesday Blitz December 06 Late 2022"]
[White "Adla, Diego"]
[Black "Gutkin, Ilya"]
[WhiteFideId "100072"]
[BlackFideId "16203470"]
[WhiteElo "2377"]
[BlackElo "2265"]
[Result "1/2-1/2"]
[Round "01"]
[TimeControl "180+1"]
[Date "2022.12.07"]
[WhiteClock "0:00:08"]
[BlackClock "0:00:09"]

1. e4 e6 2. Qe2 e5 3. f4 Nc6 4. Nf3 d6 5. Qf2 Nf6 6. Nc3 Bg4 7. Bb5 Nd7 8. Bxc6 bxc6 9. O-O Bxf3 10. Qxf3 Be7 11. d3 O-O 12. f5 Bg5 13. Qg4 Bxc1 14. Raxc1 h6 15. Rf3 Qg5 16. Qxg5 hxg5 17. h4 gxh4 18. Rh3 g5 19. fxg6 fxg6 20. Rxh4 Kg7 21. b3 Nc5 22. Re1 Ne6 23. Ne2 a5 24. a4 c5 25. Rh3 Rf6 26. Rf3 Rxf3 27. gxf3 Rf8 28. Kg2 Rh8 29. Rf1 g5 30. Rh1 Rxh1 31. Kxh1 Kg6 32. Kg2 Kh5 33. Kg3 Nf4 34. Nxf4+ gxf4+ 35. Kf2 Kh4 36. c3 Kh3 37. Ke2 Kg2 38. b4 cxb4 39. cxb4 axb4 40. a5 b3 41. Kd2 b2 42. Kc2 Kxf3 43. a6 Ke2 44. a7 f3 45. a8=Q f2 46. Qa5 b1=Q+ 47. Kxb1 f1=Q+ 48. Kb2 Qd1 49. Qxc7 Qxd3 50. Kc1 Ke3 51. Qc6 Qd2+ 52. Kb1 Qd3+ 53. Kb2 Qd2+ 54. Kb1 Qd1+ 55. Ka2 Qd4 56. Kb3 Qc5 57. Qa8 Kd3 58. Kb2 Qb6+ 59. Ka2 Kc3 60. Qa3+ Kc2 61. Qa4+ Kd3 62. Qa8 Qc5 63. Qb7 Qc2+ 64. Ka3 Qc5+ 65. Ka2 Kd4 66. Qb2+ Kxe4 67. Qg2+ Kd4 68. Qd2+ Kc4 69. Qe2+ Kd5 70. Qf3+ Ke6 71. Qg4+ Kd5 72. Qg8+ Kd4 73. Qg1+ Kc4 74. Qf1+ Kb4 75. Qb1+ Ka5 76. Qb8 e4 77. Qa8+ Kb6 78. Qxe4 d5 79. Qe6+ Kb5 80. Qd7+ Kc4 81. Qf7 Kc3 82. Qf3+ Kc2 83. Qe2+ Kc3 84. Qe1+ Kc4 85. Qe2+ Kb4 86. Qb2+ Ka5 87. Qd2+ Kb6 88. Qh6+ Kb5 89. Kb1 d4 90. Qe6 Qb4+ 91. Kc2 Qc3+ 92. Kd1 Kb4 93. Qb6+ Kc4 94. Qc6+ Kd3 95. Qg6+ Kc4 96. Qc6+ Kd3 97. Qg6+ Ke3 98. Qg3+ Ke4 99. Qxc3 dxc3 100. Kc2 Kd4 101. Kc1 Kd3 102. Kd1 c2+ 103. Kc1 Kc3 1/2-1/2


[Site "https://www.chess.com"]

[Event "Titled Tuesday Blitz December 06 Late 2022"]
[White "Aguilar, Juan"]
[Black "Bortnyk, Olexandr"]
[WhiteFideId "3800091"]
[BlackFideId "14120828"]
[WhiteElo "2539"]
[BlackElo "2723"]
[Result "0-1"]
[Round "01"]
[TimeControl "180+1"]
[Date "2022.12.06"]
[WhiteClock "0:00:03"]
[BlackClock "0:00:11"]

1. d4 d6 2. c4 e5 3. Nf3 e4 4. Ng5 f5 5. Nh3 Nf6 6. Nf4 g6 7. e3 Bh6 8. g3 O-O 9. Nc3 c6 10. d5 Qe7 11. Bd2 Nbd7 12. Ne6 Ne5 13. Nxf8 Nf3+ 14. Ke2 Kxf8 15. h3 cxd5 16. cxd5 b6 17. a4 Ba6+ 18. Nb5 Nxd5 19. Qb3 Qe6 20. Ra3 Rc8 21. Bg2 Rc4 22. Rc1 Rxc1 23. Bxc1 Bg7 24. Bd2 Bf6 25. Bb4 Be7 26. Kd1 Qe5 27. Bxf3 exf3 28. Bc3 Qe4 29. Qc2 h5 30. Qxe4 fxe4 31. Nxa7 Nxe3+ 32. Kc1 Nc4 33. Rb3 e3 34. Be1 Bg5 35. fxe3 Bxe3+ 36. Kd1 Ke8 37. Nb5 f2 38. Bxf2 Bxb5 39. axb5 Bxf2 40. Ke2 Bc5 41. Rc3 Nxb2 42. Rf3 Nc4 43. Rf6 Ne5 44. g4 hxg4 45. hxg4 Ke7 46. g5 Ba3 47. Rf1 Ke6 48. Ke3 Kd5 49. Rd1+ Ke6 50. Ke4 Bc5 51. Ra1 Nf7 52. Kf4 Bd4 53. Ra8 Be5+ 54. Kg4 Bd4 55. Rb8 Ne5+ 56. Kf4 Kd5 57. Rf8 Bc5 58. Rf6 Kc4 59. Ke4 Kxb5 60. Kd5 Ka4 61. Rf1 b5 62. Ra1+ Kb4 63. Rb1+ Ka5 64. Ra1+ Kb6 65. Rb1 b4 66. Ke6 Kb5 67. Kf6 Kc4 68. Rh1 b3 69. Rc1+ Kd3 70. Ke6 b2 71. Rb1 Kc2 72. Re1 b1=Q 0-1


[Site "https://www.chess.com"]

[Event "Titled Tuesday Blitz December 06 Late 2022"]
[White "Al-Tarboush, Ward"]
[Black "Calcada, Lucas Galvan"]
[WhiteFideId "7601450"]
[BlackFideId "22746099"]
[WhiteElo "2263"]
[BlackElo "1523"]
[Result "0-1"]
[Round "01"]
[TimeControl "180+1"]
[Date "2022.12.07"]
[WhiteClock "0:01:59"]
[BlackClock "0:00:38"]

1. e4 c5 2. Nf3 d6 3. d4 cxd4 4. Nxd4 Nf6 5. Nc3 a6 6. h3 e5 7. Nde2 Nc6 8. g4 h6 9. Bg2 Be6 10. O-O Qc7 11. Ng3 g6 12. Be3 Bg7 13. Qd2 h5 14. g5 Nd7 15. Rad1 Bf8 16. f4 exf4 17. Bxf4 Nde5 18. Nd5 Bxd5 19. exd5 Nb8 20. Bxe5 dxe5 21. d6 Qb6+ 22. Kh1 Nd7 23. Bd5 O-O-O 24. Rxf7 Kb8 25. Be6 Nc5 26. Qd5 Nxe6 27. Qxe6 Qc6+ 28. Qd5 Rxd6 29. c4 Rxd5 30. cxd5 Qc2 31. Rdf1 Bc5 32. Rd7 e4 33. Rff7 Qd1+ 34. Nf1 Qd4 0-1


[Site "https://www.chess.com"]

[Event "Titled Tuesday Blitz December 06 Late 2022"]
[White "Alex_Sahakyan2006"]
[Black "Onslow, Alfie"]
[BlackFideId "436976"]
[WhiteElo "2599"]
[BlackElo "2015"]
[Result "1-0"]
[Round "01"]
[TimeControl "180+1"]
[Date "2022.12.07"]
[WhiteClock "0:00:20"]
[BlackClock "0:00:03"]

1. e4 g6 2. Nc3 Bg7 3. d4 c6 4. g3 d5 5. e5 h5 6. h4 Nh6 7. Bg2 Bg4 8. Nge2 Nd7 9. Bg5 Qb6 10. Qd2 Bxe2 11. Nxe2 e6 12. c3 c5 13. O-O c4 14. Rab1 Rc8 15. b3 Qa6 16. Rb2 b5 17. Rfb1 Nf5 18. bxc4 bxc4 19. Bh3 O-O 20. Bxf5 exf5 21. Rb7 Nb6 22. Re7 Rfe8 23. Rxe8+ Rxe8 24. Nf4 Qa4 25. Re1 Qc6 26. Qb2 Bf8 27. e6 fxe6 28. Nxg6 Nd7 29. Qe2 e5 30. Qxh5 Bg7 31. Ne7+ Rxe7 32. Bxe7 e4 33. Qxf5 Nf6 34. Bxf6 Bxf6 35. Rb1 Kf7 36. Rb8 Qa4 37. Rb7+ Kg8 38. Qg6+ Kh8 39. Qh7# 1-0


[Site "https://www.chess.com"]

[Event "Titled Tuesday Blitz December 06 Late 2022"]
[White "Ankerst, Mihael"]
[Black "Godzwon, Iwo"]
[WhiteFideId "14602369"]
[BlackFideId "21802483"]
[WhiteElo "2362"]
[BlackElo "2284"]
[Result "1/2-1/2"]
[Round "01"]
[TimeControl "180+1"]
[Date "2022.12.07"]
[WhiteClock "0:00:15"]
[BlackClock "0:00:14"]

1. e4 c5 2. Nf3 Nc6 3. d4 cxd4 4. Nxd4 Qb6 5. Nb3 Nf6 6. Bd3 e6 7. Qf3 Be7 8. Qg3 O-O 9. Bh6 Ne8 10. Be3 Qc7 11. Qxc7 Nxc7 12. c4 Nb4 13. Ke2 b6 14. Nc3 Bb7 15. Bb1 Ba6 16. Nd2 Rac8 17. Rc1 Bf6 18. a3 Nc6 19. b4 Bb7 20. f4 d6 21. Nf3 Rfd8 22. Bd3 Ne7 23. g4 g6 24. g5 Bg7 25. Rab1 f5 26. gxf6 Bxf6 27. h4 d5 28. e5 Bg7 29. cxd5 Nexd5 30. Nxd5 Nxd5 31. Bd2 Bh6 32. Ng5 Bxg5 33. hxg5 Ne7 34. b5 Bg2 35. Rxc8 Rxc8 36. Rc1 Rxc1 37. Bxc1 Bh3 38. Kf3 Bf5 39. Bc4 Kf7 40. Bd2 Ke8 41. Bb4 Nd5 42. Bd6 Kd7 43. Bb8 Kc8 44. Bd6 Kb7 45. Bf8 Kc7 46. Bd6+ Kd7 47. Bb8 Kc8 48. Bd6 Nc3 49. Bb4 Ne4 50. Bd3 Nxg5+ 51. fxg5 Bxd3 52. Ke3 Bxb5 53. Kd4 Bc6 54. Bf8 Kb7 55. Kc3 Ka6 56. Kb4 Kb7 57. Bd6 Bd5 58. Kc3 Kc6 59. Kb4 a5+ 60. Kc3 Kb5 61. Be7 Bf3 62. Bd8 Be4 63. Be7 Bf5 64. Bd8 Ka4 65. Bxb6 h5 66. gxh6 g5 67. Kd4 g4 68. Ke3 Kxa3 69. Bxa5 Kb3 70. Bc7 Kc4 71. Kf4 Kd5 72. Bd6 Kd4 73. Kg3 Ke3 74. Bc7 Ke4 75. Bd6 Ke3 76. Bc7 Ke4 77. Bb8 Ke3 78. Bc7 1/2-1/2


[Site "https://www.chess.com"]

[Event "Titled Tuesday Blitz December 06 Late 2022"]
[White "Aqib Javaid Butt"]
[Black "Perske, Thore"]
[WhiteFideId "7801262"]
[BlackFideId "12902195"]
[WhiteElo "1659"]
[BlackElo "2336"]
[Result "0-1"]
[Round "01"]
[TimeControl "180+1"]
[Date "2022.12.07"]
[WhiteClock "0:00:12"]
[BlackClock "0:00:11"]

1. d4 Nf6 2. Nf3 g6 3. c4 Bg7 4. Nc3 O-O 5. g3 d6 6. Bg2 c6 7. O-O Qb6 8. b3 e5 9. dxe5 dxe5 10. Be3 Qa5 11. Bd2 Qc7 12. Qc2 Bf5 13. e4 Bg4 14. h3 Bxf3 15. Bxf3 Nbd7 16. Be3 Rfe8 17. Kg2 Nf8 18. Rad1 Ne6 19. h4 h5 20. Ne2 a5 21. a3 Bf8 22. c5 Nd7 23. b4 axb4 24. axb4 Nf6 25. Ra1 Bg7 26. Qb2 Red8 27. Rxa8 Rxa8 28. Ra1 Rxa1 29. Qxa1 Nd7 30. Qa8+ Qb8 31. Qa5 Nd4 32. Nxd4 exd4 33. Bf4 Be5 34. Bxe5 Nxe5 35. b5 cxb5 36. Qxb5 Qc7 37. Be2 Kg7 38. f4 Nc6 39. Qc4 Qa5 40. Bf3 Qd2+ 41. Kh3 Qc3 42. Qxc3 dxc3 43. Bd1 Nd4 44. Kg2 c2 45. Bxc2 Nxc2 46. Kf3 Kf6 47. Ke2 Nd4+ 48. Kd3 Nc6 49. Kc4 Ke6 50. Kb5 Kd7 51. Kb6 Kc8 52. e5 Nd4 53. c6 bxc6 54. Kc5 Nf5 55. Kxc6 Kd8 56. Kd5 Ke7 57. Ke4 Nxg3+ 58. Kf3 Nf5 59. Ke4 Ke6 60. Kf3 Nxh4+ 61. Kg3 Nf5+ 62. Kf3 Kd5 0-1


[Site "https://www.chess.com"]

[Event "Titled Tuesday Blitz December 06 Late 2022"]
[White "Ardila, Oscar Humberto"]
[Black "Jarmula, Lukasz"]
[WhiteFideId "4404742"]
[BlackFideId "1160664"]
[WhiteElo "1961"]
[BlackElo "2357"]
[Result "0-1"]
[Round "01"]
[TimeControl "180+1"]
[Date "2022.12.07"]
[WhiteClock "0:00:21"]
[BlackClock "0:00:08"]

1. d4 e6 2. c4 b6 3. Nc3 Bb7 4. Nf3 Nf6 5. e3 Bb4 6. Bd2 O-O 7. Bd3 d6 8. O-O Nbd7 9. a3 Bxc3 10. Bxc3 Ne4 11. Be1 f5 12. Nd2 Qg5 13. Nxe4 Bxe4 14. Bxe4 fxe4 15. h3 Rf7 16. Qg4 Qxg4 17. hxg4 e5 18. Bc3 exd4 19. Bxd4 Nc5 20. b4 Ne6 21. Rad1 a5 22. b5 Raf8 23. Rd2 Ng5 24. Bc3 Re8 25. Rd5 h6 26. Kh2 Re6 27. Rf5 Rxf5 28. gxf5 Re8 29. f6 g6 30. Kg3 Kf7 31. Bd4 Ne6 32. Bc3 Nc5 33. Rh1 h5 34. Bd4 Nd7 35. Kf4 Nxf6 36. Kg5 Ng4 37. Rf1 Ne5 38. f4 exf3 39. gxf3 Nxc4 40. e4 Nxa3 41. Rc1 Nxb5 42. Bb2 c5 43. Kf4 Nc7 44. Ke3 d5 45. e5 a4 46. f4 Nb5 47. Kd3 a3 48. Ba1 Ra8 49. Rb1 Ra5 50. Rf1 Ke6 51. f5+ gxf5 52. Rg1 d4 53. Kc4 Kxe5 54. Re1+ Kf6 55. Re8 Nc3 56. Rf8+ Ke5 57. Re8+ Kf4 58. Rh8 Ra4+ 59. Kb3 Rb4+ 60. Kxa3 Nb5+ 61. Ka2 Nc3+ 62. Ka3 Ra4+ 63. Kb2 Ra2+ 64. Kb3 Rxa1 65. Rxh5 Rb1+ 66. Kc4 Rb4+ 67. Kd3 Ke5 68. Rh8 c4+ 69. Kc2 Ne4 70. Re8+ Kf4 71. Rd8 d3+ 72. Kc1 b5 73. Rh8 Ra4 74. Kb2 d2 75. Kc2 Ra2+ 76. Kb1 Nc3# 0-1


[Site "https://www.chess.com"]

[Event "Titled Tuesday Blitz December 06 Late 2022"]
[White "Barria Zuniga, Daniel"]
[Black "Alexikov, Alexander"]
[WhiteFideId "3400816"]
[BlackFideId "14103958"]
[WhiteElo "2414"]
[BlackElo "2222"]
[Result "1-0"]
[Round "01"]
[TimeControl "180+1"]
[Date "2022.12.07"]
[WhiteClock "0:00:27"]
[BlackClock "0:00:03"]

1. d4 Nf6 2. c4 g6 3. Nc3 Bg7 4. e4 d6 5. Be2 O-O 6. Nf3 e5 7. d5 a5 8. Bg5 h6 9. Bh4 Qe8 10. Nd2 Na6 11. O-O h5 12. a3 Bd7 13. b3 Nh7 14. f3 Bh6 15. Rb1 Be3+ 16. Kh1 g5 17. Bf2 Bxf2 18. Rxf2 h4 19. b4 axb4 20. axb4 Nf6 21. c5 Nh5 22. c6 Bc8 23. Ra1 bxc6 24. dxc6 Qxc6 25. Nd5 Re8 26. b5 Qc5 27. Kg1 c6 28. Nb3 Qxf2+ 29. Kxf2 cxd5 30. Qxd5 Nc7 31. Qc6 Rxa1 32. Nxa1 Re7 33. b6 Kg7 34. bxc7 Nf4 35. Qxd6 Rd7 36. Qxe5+ f6 37. Qb2 Rxc7 38. Nb3 Be6 39. Nd4 Bd7 40. g3 hxg3+ 41. hxg3 Nxe2 42. Kxe2 Rc4 43. Ke3 Rc7 44. Qb6 Rc3+ 45. Kd2 Rc4 46. Qd6 Bc8 47. f4 gxf4 48. gxf4 Kg6 49. Kd3 1-0


[Site "https://www.chess.com"]

[Event "Titled Tuesday Blitz December 06 Late 2022"]
[White "Battlecruiser_Operational"]
[Black "Sellitti, Federico"]
[BlackFideId "821829"]
[WhiteElo "2275"]
[BlackElo "2606"]
[Result "1-0"]
[Round "01"]
[TimeControl "180+1"]
[Date "2022.12.07"]
[WhiteClock "0:00:09"]
[BlackClock "0:00:04"]

1. d4 d5 2. c4 Nc6 3. Nc3 Nf6 4. Nf3 Bg4 5. Bf4 Bxf3 6. exf3 e6 7. c5 Be7 8. Bb5 O-O 9. O-O a6 10. Ba4 Na5 11. Re1 b6 12. b4 Nc4 13. Bc6 Rb8 14. Rb1 bxc5 15. bxc5 Nh5 16. Be3 g6 17. Qa4 a5 18. Rb5 Rxb5 19. Bxb5 Nxe3 20. fxe3 Bh4 21. Re2 Ng3 22. hxg3 Bxg3 23. Nd1 Qh4 24. Nf2 Qh2+ 25. Kf1 h5 26. Rb2 h4 27. Qd1 h3 28. gxh3 Rb8 29. a4 c6 30. Qe1 cxb5 31. axb5 Bxf2 32. Qxf2 Qxh3+ 33. Qg2 Qh6 34. Ke2 a4 35. Qg3 Ra8 36. Rb1 a3 37. b6 a2 38. Ra1 Qf8 39. b7 Rb8 40. c6 Qb4 41. Qxb8+ Kh7 42. Rxa2 Qc4+ 43. Ke1 Qxa2 44. Qh2+ Kg7 45. Qxa2 1-0


[Site "https://www.chess.com"]

[Event "Titled Tuesday Blitz December 06 Late 2022"]
[White "Bazeev, German"]
[Black "Przybylski, Wojciech"]
[WhiteFideId "24119350"]
[BlackFideId "1117599"]
[WhiteElo "2501"]
[BlackElo "2217"]
[Result "1-0"]
[Round "01"]
[TimeControl "180+1"]
[Date "2022.12.07"]
[WhiteClock "0:00:06"]
[BlackClock "0:00:01"]

1. d4 Nf6 2. Nf3 e6 3. c4 d5 4. g3 Bb4+ 5. Bd2 Be7 6. Bg2 O-O 7. Qc2 Nbd7 8. O-O Nb6 9. b3 dxc4 10. bxc4 c5 11. e3 Bd7 12. Ne5 Ba4 13. Qb2 Qc7 14. Rc1 Rfd8 15. Ba5 Nfd7 16. Na3 Nxe5 17. dxe5 Bc6 18. Nb5 Qd7 19. a4 Qd3 20. Qc2 Bxg2 21. Kxg2 Qxc2 22. Rxc2 Rd3 23. Bxb6 axb6 24. Kf3 Rb3 25. Ke2 Rb4 26. Rd1 Raxa4 27. Rd7 Bf8 28. Rd8 Rxc4 29. Rcd2 Rcb4 30. Nd6 c4 31. Nc8 g6 32. Re8 c3 33. Rdd8 Rb2+ 34. Kf3 c2 35. Rxf8+ Kg7 36. Nd6 c1=Q 37. Rxf7+ Kh6 38. Rdd7 Qd1+ 39. Kg2 Rxf2+ 40. Rxf2 Qd3 41. Nf7+ 1-0


[Site "https://www.chess.com"]

[Event "Titled Tuesday Blitz December 06 Late 2022"]
[White "Bilan, Danila"]
[Black "Xiong, Jeffery"]
[WhiteFideId "24161918"]
[BlackFideId "2047640"]
[WhiteElo "2182"]
[BlackElo "2726"]
[Result "0-1"]
[Round "01"]
[TimeControl "180+1"]
[Date "2022.12.06"]
[WhiteClock "0:00:03"]
[BlackClock "0:00:49"]

1. d4 f5 2. Nf3 e6 3. g3 Nf6 4. Bg2 Be7 5. Kf1 O-O 6. Kg1 d5 7. Nbd2 c5 8. c3 Nc6 9. h3 Ne4 10. Ne5 Nxe5 11. dxe5 Bd7 12. Nxe4 fxe4 13. f4 exf3 14. exf3 b5 15. Kh2 Rb8 16. f4 b4 17. cxb4 Rxb4 18. b3 a5 19. Qc2 a4 20. Ba3 Rb5 21. Bf1 Ra5 22. Bd3 h6 23. Qe2 axb3 24. axb3 Rxa3 25. Rxa3 c4 26. Bb1 Bxa3 27. Qc2 Qb6 28. Qh7+ Kf7 29. Bg6+ Ke7 30. Qxg7+ Kd8 31. Rf1 cxb3 32. f5 exf5 33. Qxh6 Rg8 34. Qh4+ Be7 35. Qh7 Qxg6 0-1


[Site "https://www.chess.com"]

[Event "Titled Tuesday Blitz December 06 Late 2022"]
[White "Bogaudinov, Rushan"]
[Black "Kravtsiv, Martyn"]
[WhiteFideId "4129288"]
[BlackFideId "14113147"]
[WhiteElo "2028"]
[BlackElo "2695"]
[Result "0-1"]
[Round "01"]
[TimeControl "180+1"]
[Date "2022.12.06"]
[WhiteClock "0:00:01"]
[BlackClock "0:00:58"]

1. a3 e5 2. e3 d5 3. d4 e4 4. c4 c6 5. Nc3 Nf6 6. b4 Be6 7. c5 Nbd7 8. Nge2 Nh5 9. Ng3 Nxg3 10. hxg3 g6 11. Be2 Bg7 12. a4 O-O 13. b5 f5 14. a5 Rf7 15. Qb3 Qe8 16. a6 Nxc5 17. Qc2 Nd3+ 18. Bxd3 exd3 19. Qxd3 c5 20. dxc5 d4 21. axb7 Rxb7 22. c6 Rf7 23. Ne2 dxe3 24. Rb1 Rd8 25. Qxe3 Bc4 26. Qxe8+ Rxe8 27. Be3 g5 28. Rb4 Bxe2 29. Kxe2 f4 30. gxf4 gxf4 31. Rh3 fxe3 32. Rxe3 Rxe3+ 33. fxe3 Be5 34. Kd3 Bc7 35. Rg4+ Kf8 36. e4 Ke7 37. Kd4 Ke6 38. Rh4 Bb6+ 39. Kc4 Rg7 40. Rh6+ Ke5 41. Rh2 Kxe4 42. Rh4+ Ke5 43. Rh5+ Ke6 44. Rh6+ Ke5 45. Rh5+ Kd6 46. Rh6+ Kc7 47. Rh4 Be3 48. g4 Kb6 49. Kd3 Bc5 50. Kc4 Bf2 51. Rh2 Rxg4+ 52. Kd5 Bh4 0-1


[Site "https://www.chess.com"]

[Event "Titled Tuesday Blitz December 06 Late 2022"]
[White "Bok, Benjamin"]
[Black "Kaplan, Avi Harrison"]
[WhiteFideId "1017063"]
[BlackFideId "30934559"]
[WhiteElo "2658"]
[BlackElo "1983"]
[Result "1-0"]
[Round "01"]
[TimeControl "180+1"]
[Date "2022.12.06"]
[WhiteClock "0:00:59"]
[BlackClock "0:00:41"]

1. d4 Nf6 2. c4 c5 3. Nf3 e6 4. g3 d5 5. cxd5 Nxd5 6. Bg2 Nc6 7. O-O Be7 8. dxc5 Bxc5 9. a3 O-O 10. b4 Be7 11. e4 Nf6 12. Qe2 Qc7 13. Bb2 a6 14. Nbd2 e5 15. Rac1 Qb8 16. Nc4 Nd7 17. Rfd1 Rd8 18. Bh3 f6 19. Be6+ Kh8 20. Nh4 b5 21. Ne3 Nf8 22. Rxd8 Bxd8 23. Bd5 Bb7 24. Bxc6 Bxc6 25. Rxc6 Qb7 26. Qc2 Bb6 27. Nd5 Ba7 28. Rc7 Qb8 29. Qc6 Qd8 30. Nf5 g6 31. Nh6 1-0


[Site "https://www.chess.com"]

[Event "Titled Tuesday Blitz December 06 Late 2022"]
[White "Bongo Akanga Ndjila, Barthelemy"]
[Black "Vlassov, Nikolai"]
[WhiteFideId "10609431"]
[BlackFideId "4103360"]
[WhiteElo "1768"]
[BlackElo "2324"]
[Result "0-1"]
[Round "01"]
[TimeControl "180+1"]
[Date "2022.12.07"]
[WhiteClock "0:00:09"]
[BlackClock "0:01:44"]

1. d4 Nf6 2. c4 Nc6 3. Nc3 e5 4. d5 Ne7 5. e4 Ng6 6. Nf3 Bc5 7. Be2 a5 8. O-O d6 9. Qc2 O-O 10. Bg5 h6 11. Be3 Bxe3 12. fxe3 c6 13. Rad1 Qb6 14. Qd2 Ng4 15. dxc6 Nxe3 16. Na4 Qa7 17. c5 Nxf1 18. Bxf1 dxc5 19. Bc4 bxc6 20. b3 Ba6 21. Qe3 Bxc4 22. bxc4 Rad8 23. Rf1 Rd4 24. Nxd4 cxd4 25. Qd3 Nf4 26. Qf3 Rb8 27. c5 Qe7 28. g3 Nh3+ 29. Kg2 Ng5 30. Qf5 Rb4 31. Nb6 Qxc5 32. Nd7 Rb2+ 33. Kh1 Qc2 34. Nf6+ gxf6 35. Qc8+ Kg7 36. Qf5 Qg2# 0-1


[Site "https://www.chess.com"]

[Event "Titled Tuesday Blitz December 06 Late 2022"]
[White "Bryant, Todd"]
[Black "Xu, Grant"]
[WhiteFideId "2031299"]
[BlackFideId "2052318"]
[WhiteElo "2320"]
[BlackElo "2186"]
[Result "0-1"]
[Round "01"]
[TimeControl "180+1"]
[Date "2022.12.07"]
[WhiteClock "0:00:10"]
[BlackClock "0:01:38"]

1. e4 e6 2. d4 d5 3. e5 c5 4. c3 Nc6 5. Nf3 Qb6 6. Bd3 Bd7 7. O-O cxd4 8. Re1 Nge7 9. h4 Rc8 10. h5 h6 11. a3 a5 12. b4 dxc3 13. Nxc3 axb4 14. Nb5 Nf5 15. a4 Bc5 16. Re2 Ncd4 17. Bxf5 Nxe2+ 18. Qxe2 exf5 19. Nd6+ Bxd6 20. exd6+ Be6 21. Qe5 Kd7 22. Qxg7 Qxd6 23. Ne5+ Ke7 24. Ng6+ Kd7 25. Nxh8 Qf8 26. Qxh6 Qxh8 27. Qxh8 Rxh8 28. h6 d4 29. Bf4 b3 30. Rd1 Ke7 31. Rxd4 Bd7 32. Rb4 Be6 33. Rxb7+ Kf6 34. a5 Kg6 35. g3 Ra8 36. Rb5 Ra6 37. Bc7 Kxh6 38. Bb6 Kg6 39. Kf1 Bc4+ 40. Ke1 Bxb5 41. Kd2 Bc4 42. Kc3 Be6 43. Kb2 Ra8 0-1


[Site "https://www.chess.com"]

[Event "Titled Tuesday Blitz December 06 Late 2022"]
[White "Chigaev, Maksim"]
[Black "Ferreira, Vitor Hugo Vieira"]
[WhiteFideId "4108116"]
[BlackFideId "2119765"]
[WhiteElo "2542"]
[BlackElo "2146"]
[Result "1/2-1/2"]
[Round "01"]
[TimeControl "180+1"]
[Date "2022.12.06"]
[WhiteClock "0:00:08"]
[BlackClock "0:00:51"]

1. Nf3 Nf6 2. c4 c6 3. d4 d5 4. Nc3 e6 5. g3 Be7 6. Bg2 O-O 7. O-O b6 8. b3 Bb7 9. Qc2 Nbd7 10. e4 dxe4 11. Nxe4 c5 12. Nxf6+ Nxf6 13. Rd1 Be4 14. Qe2 Qc8 15. Bb2 Qb7 16. dxc5 bxc5 17. Ne1 Bxg2 18. Nxg2 Rad8 19. Nf4 Qe4 20. Bxf6 Qxe2 21. Nxe2 Bxf6 22. Rab1 Rfe8 23. Kg2 Kf8 24. Nf4 Bd4 25. h4 a5 26. Kf3 f5 27. Ke2 Kf7 28. Rd2 g6 29. Rbd1 h6 30. Nd3 Ke7 31. f4 Rd6 32. Ne1 a4 33. b4 Red8 34. Nf3 Bc3 35. Rxd6 Rxd6 36. b5 Rb6 37. Rd3 Bf6 38. Ra3 e5 39. fxe5 Re6 40. Rxa4 Bxe5 41. Nxe5 Rxe5+ 42. Kd3 g5 43. hxg5 hxg5 44. Ra7+ Kd6 45. Ra6+ Kc7 46. Rg6 f4 47. gxf4 gxf4 48. a4 Re3+ 49. Kd2 Re4 50. a5 Rxc4 51. Rg7+ Kb8 52. a6 Rb4 53. Rb7+ Ka8 54. Ke2 Rb3 55. b6 Ra3 56. Ra7+ Kb8 57. Kd2 f3 58. Ke1 Ra2 59. Rb7+ Ka8 60. Ra7+ Kb8 61. Kf1 f2 62. Kg2 c4 63. Rb7+ Ka8 64. Ra7+ Kb8 65. Rb7+ Ka8 66. Ra7+ Kb8 1/2-1/2


[Site "https://www.chess.com"]

[Event "Titled Tuesday Blitz December 06 Late 2022"]
[White "Christiansen, Johan-Sebastian"]
[Black "Therrien, Alex L"]
[WhiteFideId "1512668"]
[BlackFideId "412856"]
[WhiteElo "2501"]
[BlackElo "2214"]
[Result "1/2-1/2"]
[Round "01"]
[TimeControl "180+1"]
[Date "2022.12.07"]
[WhiteClock "0:00:34"]
[BlackClock "0:01:43"]

1. e4 c6 2. d4 d5 3. Nd2 g6 4. Ngf3 Bg7 5. h3 dxe4 6. Nxe4 Nd7 7. Bc4 Ngf6 8. Ng3 O-O 9. O-O b5 10. Bb3 c5 11. dxc5 Nxc5 12. Be3 Nxb3 13. axb3 a6 14. Qe2 Bb7 15. Rfd1 Qc7 16. c3 Nd5 17. Bg5 h6 18. Bd2 e6 19. Ne4 Rad8 20. Nd4 1/2-1/2


[Site "https://www.chess.com"]

[Event "Titled Tuesday Blitz December 06 Late 2022"]
[White "Dardha, Daniel"]
[Black "Ismayil, Malak"]
[WhiteFideId "240990"]
[BlackFideId "13412604"]
[WhiteElo "2528"]
[BlackElo "1880"]
[Result "1-0"]
[Round "01"]
[TimeControl "180+1"]
[Date "2022.12.06"]
[WhiteClock "0:01:01"]
[BlackClock "0:00:04"]

1. e4 e5 2. Nf3 Nc6 3. Bc4 Bc5 4. c3 Nf6 5. d3 d6 6. h3 h6 7. Bb3 O-O 8. Nbd2 Be6 9. Bc2 Bb6 10. g4 d5 11. Qe2 d4 12. g5 Nh5 13. Nb3 hxg5 14. Nxg5 g6 15. Nxe6 fxe6 16. Rg1 Qf6 17. Bh6 Nf4 18. Bxf4 exf4 19. O-O-O f3 20. Qd2 dxc3 21. bxc3 Kg7 22. e5 Qf4 23. d4 Qxd2+ 24. Nxd2 Ne7 25. Rg3 c5 26. Nxf3 cxd4 27. cxd4 Rad8 28. Ng5 Kh6 29. Nxe6 Rc8 30. Nxf8 Rxf8 31. d5 Bxf2 32. Rg4 Nf5 33. d6 Be3+ 34. Kb1 Re8 35. d7 Rd8 36. e6 Bc5 37. Bxf5 gxf5 38. Rc4 Be7 39. Rc8 Kg6 40. Rxd8 Bxd8 41. e7 Bxe7 42. d8=Q 1-0


[Site "https://www.chess.com"]

[Event "Titled Tuesday Blitz December 06 Late 2022"]
[White "Dias, Joao Batista"]
[Black "Erzhanov, Arman"]
[WhiteFideId "2108240"]
[BlackFideId "4138821"]
[WhiteElo "1898"]
[BlackElo "2176"]
[Result "1/2-1/2"]
[Round "01"]
[TimeControl "180+1"]
[Date "2022.12.07"]
[WhiteClock "0:00:53"]
[BlackClock "0:01:12"]

1. e4 d6 2. d4 Nf6 3. Bd3 e5 4. c3 d5 5. dxe5 Nxe4 6. Bxe4 dxe4 7. Qxd8+ Kxd8 8. Ne2 Nc6 9. Ng3 Nxe5 10. Nxe4 Nd3+ 11. Kd2 Nxc1 12. Kxc1 f6 13. Rd1+ Ke8 14. Nbd2 Bf5 15. f3 Rd8 16. h4 h5 17. a4 Kf7 18. a5 a6 19. Ng3 Bg6 20. Nde4 Rxd1+ 21. Kxd1 Be7 22. Ke2 Rd8 23. Rd1 Rxd1 24. Kxd1 Ke6 25. Ke2 Bf7 26. Nf1 g5 27. hxg5 fxg5 28. Ne3 Ke5 29. Kf2 h4 30. Ng4+ Kf5 31. Ne3+ Kf4 32. b4 c6 33. g3+ hxg3+ 34. Nxg3 Bf6 35. Ne2+ Ke5 36. Ng4+ Ke6 37. Nxf6 Kxf6 38. Ke3 Ke5 39. Ng3 Bd5 40. Ne2 Bf7 41. Nd4 Bg6 42. Ne2 Bf5 43. f4+ gxf4+ 44. Nxf4 Bd7 45. Nd3+ Kd5 46. Nc5 Bc8 47. Kd2 Kc4 48. Nd3 Kb5 49. Nc5 b6 50. axb6 Kxb6 51. Kd3 Kb5 52. Kd4 Bg4 53. Nb3 Be2 54. Na5 c5+ 55. Ke3 cxb4 56. cxb4 Kxb4 57. Kxe2 Kxa5 58. Kd2 Kb4 59. Kc2 Ka3 60. Kb1 Kb3 61. Ka1 a5 1/2-1/2


[Site "https://www.chess.com"]

[Event "Titled Tuesday Blitz December 06 Late 2022"]
[White "Domingo Nunez, Alejandro"]
[Black "Figorito, Nick"]
[WhiteFideId "22245561"]
[BlackFideId "30923689"]
[WhiteElo "2242"]
[BlackElo "2378"]
[Result "0-1"]
[Round "01"]
[TimeControl "180+1"]
[Date "2022.12.07"]
[WhiteClock "0:00:17"]
[BlackClock "0:00:24"]

1. e4 e6 2. Nf3 d5 3. Nc3 d4 4. Ne2 c5 5. Ng3 Nc6 6. Bc4 a6 7. a4 h6 8. d3 e5 9. O-O Nf6 10. Bd2 Bd6 11. Nh4 Ne7 12. f4 Be6 13. Bxe6 fxe6 14. fxe5 Bxe5 15. Qh5+ Nxh5 16. Nxh5 Qc7 17. g3 O-O-O 18. Nf4 Bxf4 19. Bxf4 e5 20. Bd2 g5 21. Nf5 Nxf5 22. Rxf5 Rdf8 23. Raf1 Qe7 24. g4 Rxf5 25. gxf5 Qf6 26. Kg2 h5 27. Kg3 g4 28. h4 gxh3 29. Kxh3 Rg8 30. Be1 Rg4 31. Bg3 Kd7 32. Rf3 b5 33. a5 Ke8 34. b3 Kf7 35. Rf1 Qg7 36. Rf3 Qg5 37. f6 h4 38. Bh2 Rf4 39. Bxf4 exf4 40. e5 Qxe5 41. Kxh4 Qe1+ 42. Kg4 Qe2 43. Kxf4 Kxf6 44. Kg3+ Ke5 45. Rf2 Qe3+ 46. Kg2 Qc1 47. Re2+ Kd5 48. Rf2 Qa3 49. Rf5+ Ke6 50. Rh5 Qxa5 51. Rxc5 Qd2+ 52. Kf1 Kd6 53. Rc8 a5 54. Rd8+ Kc5 55. Ra8 a4 56. bxa4 bxa4 57. Rxa4 Qc1+ 58. Ke2 Qxc2+ 59. Kf3 Qxa4 0-1


[Site "https://www.chess.com"]